 Dungeon Crawl Stone Soup version 0.28.0-61-g67df4f89a8 (webtiles) character file.

Game seed: 1140776960363740298

24 NotaViper the Vexing (level 2, -1/14 HPs)
             Began as a Spriggan Arcane Marksman on Feb 15, 2023.
             Slain by a jackal (2 damage)
             ... on level 1 of the Dungeon.
             The game lasted 00:04:26 (1031 turns).

NotaViper the Vexing (Spriggan Arcane Marksman)     Turns: 1031, Time: 00:04:27

Health: -1/14      AC:  2    Str:  6    XL:     2   Next: 79%
Magic:  5/5        EV: 17    Int: 14    God:
Gold:   59         SH:  0    Dex: 15    Spells: 2/3 levels left

rFire   . . .      SeeInvis +   n - +0 mace
rCold   . . .      Faith    .   (no shield)
rNeg    . . .      Spirit   .   d - +0 robe
rPois   .          Reflect  .   (helmet restricted)
rElec   .          Harm     .   (no cloak)
rCorr   .          Rampage  .   (gloves unavailable)
Will    .....                   (boots unavailable)
Stlth   +.........              (no amulet)
HPRegen 0.04/turn               (no ring)
MPRegen 0.09/turn               (no ring)

@: very quick
A: very small, no large weapons, unfitting armour, see invisible, speed 3
a: no special abilities


You were on level 1 of the Dungeon.
You visited 1 branch of the dungeon, and saw 1 of its levels.

You collected 59 gold pieces.

Inventory:

Hand Weapons
 a - a +0 shortbow
 g - a -1 hand axe
 i - a +0 hunting sling
 j - a +0 short sword
 k - a +0 short sword
 n - a +0 mace (weapon)
Missiles
 c - 8 arrows
 f - 24 stones (quivered)
Armour
 b - a +0 robe
 d - a +0 robe (worn)
 e - a +0 scale mail
 h - a +0 scale mail
Scrolls
 l - a scroll of brand weapon {unknown}
 m - a scroll of teleportation {unknown}
Potions
 o - a potion of heal wounds {unknown}


   Skills:
 + Level 1.0 Fighting
 + Level 3.2 Bows
 + Level 3.0 Dodging
 + Level 1.3 Spellcasting
 + Level 4.1 Hexes


You had 2 spell levels left.
You knew the following spells:

 Your Spells              Type           Power      Damage    Failure   Level
a - Slow                  Hex            48%        N/A       4%          1

Your spell library contained the following spells:

 Spells                   Type           Power      Damage    Failure   Level
 Corpse Rot               Necr/Air       0%         N/A       36%         2
 Inner Flame              Hex/Fire       6%         N/A       32%         3
 Portal Projectile        Hex/Tloc       12%        N/A       32%         3
 Cause Fear               Hex            6%         N/A       43%         4
 Dispel Undead            Necr           0%         3d6       94%         4
 Death Channel            Necr           0%         N/A       100%        6


Dungeon Overview and Level Annotations

Branches:
Dungeon (1/15)

Altars:


Innate Abilities, Weirdness & Mutations

You are very small and have problems with some larger weapons.
You are too small for most types of armour.
You have supernaturally acute eyesight. (SInv)
You cover ground extremely quickly. (Speed+++)


Message History

The jackal is almost dead.
The jackal closely misses you. The jackal bites you. The hobgoblin hits you.
The jackal closely misses you.
n - a +0 mace (weapon)
The jackal misses you.
You barely miss the jackal. The jackal barely misses you.
The jackal misses you. The hobgoblin misses you. The jackal barely misses you.
The jackal misses you. The hobgoblin misses you.
You sock the jackal!
You kill the jackal!
The jackal closely misses you. The jackal completely misses you.
The hobgoblin barely misses you. The jackal bites you.
You hit the jackal.
The jackal is moderately wounded.
The jackal misses you. The jackal barely misses you.
The hobgoblin barely misses you. The jackal completely misses you.
The jackal misses you.
You hit the jackal.
You kill the jackal!
The hobgoblin hits you.
* * * LOW HITPOINT WARNING * * *
The jackal barely misses you. The hobgoblin barely misses you.
The jackal misses you.
You closely miss the jackal. The jackal misses you.
The jackal bites you but does no damage.
The hobgoblin barely misses you. The jackal barely misses you.
You closely miss the jackal. The jackal barely misses you.
The hobgoblin completely misses you. The jackal bites you.
* * * LOW HITPOINT WARNING * * *
The jackal barely misses you. The hobgoblin misses you. The jackal misses you.
You hit the jackal. You punch the jackal, but do no damage.
The jackal is almost dead.
The jackal closely misses you. The jackal bites you.
* * * LOW HITPOINT WARNING * * *
The jackal barely misses you. The hobgoblin barely misses you.
The jackal completely misses you.
You hit the jackal but do no damage.
The jackal is almost dead.
The jackal bites you.
You die...

#.#####. ... ###.......
. ... #.....#### .. ..
###...###≈PP ... ..
###.+...# #PP≈ (..(
.#####...#...###≈≈P
.>... hh......'.....#.##
...[..#hg.#####...#.#.##
#(.hh@### #...#.#...
####### #...#.#.##
#...#.#.# #...#.#.##
#...#.#... #####.#.<.
#.#...
###############.####
+...................


You could see 5 jackals and a hobgoblin.

Vanquished Creatures
  2 ball pythons (D:1)
  3 endoplasms (D:1)
  3 hobgoblins (D:1)
  3 jackals (D:1)
  2 kobolds (D:1)
  A quokka (D:1)
  4 bats (D:1)
  A goblin (D:1)
  2 rats (D:1)
21 creatures vanquished.

Notes
Turn   | Place    | Note
-------+----------+-------------------------------------------
     0 | D:1      | NotaViper the Spriggan Arcane Marksman began the quest for
                  | the Orb.
     0 | D:1      | Reached XP level 1. HP: 9/9 MP: 3/3
    27 | D:1      | Found a faded altar of an unknown god.
   216 | D:1      | Reached skill level 4 in Hexes
   237 | D:1      | Reached XP level 2. HP: 11/14 MP: 5/5
  1022 | D:1      | Reached skill level 1 in Fighting
  1031 | D:1      | Slain by a jackal

Illustrated notes

Levels and vault maps discovered:
D:1:      psy_arrival_conway, layout_basic, ebering_ecumenical_altar_rust

Skill      XL: |  1  2 |
---------------+-------+-----
Hexes          | 4 |  4.1
Dodging        | 3 |  3.0
Bows           | 3 |  3.2
Fighting       | 1 |  1.0
Spellcasting   | |  1.3

Action                   || total
-------------------------++-------
Melee: Hand axe          ||     9
       Mace              ||     8
       Punch             ||     1
 Fire: Shortbow          ||    49
 Cast: Slow              ||     1
Armor: Robe              ||     5
Dodge: Dodged            ||    47
